 Dungeon Crawl Stone Soup version 0.27.1 (webtiles) character file.

Game seed: 15443606851357000492

24964 MajorAdolf the Zephyrmancer (level 13, -14/108 HPs)
             Began as a Naga Wanderer on Aug 24, 2021.
             Was a Priest of Qazlal.
             Shot with an arrow by Nessos (18 damage)
             ... on level 14 of the Dungeon.
             The game lasted 00:39:49 (22612 turns).

MajorAdolf the Zephyrmancer (Naga Wanderer)        Turns: 22612, Time: 00:39:50

Health: -14/108    AC: 11    Str: 17    XL:     13   Next: 16%
Magic:  6/18       EV:  9    Int: 20    God:    Qazlal [***...]
Gold:   687        SH:  3    Dex: 12    Spells: 8/16 levels left

rFire    . . .     SeeInvis +   C - staff of cold
rCold    + . .     Faith    .   (no shield)
rNeg     + . .     Spirit   .   s - +2 robe {rN+}
rPois    +         Reflect  .   y - +2 hat
rElec    .         Harm     .   w - +0 cloak
rCorr    .         Rampage  .   k - +0 pair of gloves
Will     +....                  (no barding)
Stlth    ++........             (no amulet)
HPRegen  0.28/turn              r - ring of wizardry
MPRegen  0.16/turn              e - +6 ring of intelligence

@: very slow
A: AC +4, large, see invisible, deformed body, poison resistance, slowness 2,
spit poison 1, naga tail 2
a: Spit Poison, Renounce Religion, Upheaval, Elemental Force


You were on level 14 of the Dungeon.
You worshipped Qazlal.
Qazlal was most pleased with you.
You visited 2 branches of the dungeon, and saw 14 of its levels.

You collected 933 gold pieces.
You spent 246 gold pieces at shops.

Inventory:

Hand Weapons
 x - a +5 spear
Missiles
 m - 5 curare-tipped darts
 q - 2 throwing nets
 K - 18 poisoned darts
Armour
 g - a +0 helmet
 k - a +0 pair of gloves (worn)
 s - a +2 robe of positive energy (worn)
 w - a +0 cloak (worn)
 y - a +2 hat (worn)
 F - the +0 leather armour "Qefrilyt" {rF+ Str+5 Slay+2}
   (You bought it in a shop on level 6 of the Dungeon)

   Str:       It affects your strength (+5).
   Slay:      It affects your accuracy & damage with ranged weapons and melee
   (+2).
   rF:        It protects you from fire.
Magical Staves
 C - a staff of cold (weapon)
 H - a staff of poison
Jewellery
 e - a +6 ring of intelligence (right hand)
 n - a ring of flight
 o - a +4 ring of evasion
 r - a ring of wizardry (left hand)
Wands
 a - a wand of polymorph (11)
 d - a wand of iceblast (12)
 A - a wand of flame (85)
Scrolls
 b - 2 scrolls of enchant weapon {unknown}
 c - 6 scrolls of identify
 h - 2 scrolls of teleportation
 i - 2 scrolls of immolation
 v - a scroll of fog
 z - 3 scrolls of magic mapping
 B - 4 scrolls of blinking
 G - a scroll of fear {unknown}
 I - a scroll of brand weapon {unknown}
 J - a scroll of vulnerability {unknown}
Potions
 f - a potion of lignification
 j - 3 potions of resistance {unknown}
 l - 2 potions of flight
 p - 2 potions of curing
 u - 2 potions of brilliance {unknown}
 D - 2 potions of cancellation
 E - 3 potions of might {unknown}
 L - a potion of degeneration {unknown}
 M - a potion of mutation {unknown}


   Skills:
 - Level 4.8 Fighting
 - Level 1.0 Axes
 - Level 1.0 Throwing
 - Level 5.0 Stealth
 - Level 2.0 Spellcasting
 + Level 11.6 Conjurations
 + Level 11.6 Ice Magic
 + Level 12.0 Air Magic
 + Level 7.0 Invocations


You had 8 spell levels left.
You knew the following spells:

 Your Spells              Type           Power      Damage    Failure   Level
a - Freezing Cloud        Conj/Ice/Air   32%        6-21      1%          5
b - Frozen Ramparts       Ice            100%       1d12      1%          3

Your spell library contained the following spells:

 Spells                   Type           Power      Damage    Failure   Level
 Corpse Rot               Necr/Air       N/A        N/A       1%          2
 Poisonous Vapours        Pois/Air       52%        N/A       1%          2
 Animate Skeleton         Necr           4%         N/A       6%          1
 Pain                     Necr           8%         1d4       6%          1
 Sandblast                Erth           4%         2d4       6%          1
 Ice Form                 Ice/Tmut       37%        N/A       6%          4
 Summon Ice Beast         Ice/Summ       37%        N/A       6%          4
 Blink                    Tloc           N/A        N/A       10%         2
 Irradiate                Conj/Tmut      12%        3d18      16%         5
 Inner Flame              Hex/Fire       2%         N/A       19%         3
 Vampiric Draining        Necr           1%         2d6       19%         3
 Bolt of Magma            Conj/Fire/Erth 8%         4d6       32%         5
 Cause Fear               Hex            1%         N/A       50%         4
 Manifold Assault         Tloc           2%         N/A       83%         5
 Storm Form               Tmut/Air       13%        N/A       98%         7
 Discord                  Hex            1%         N/A       100%        8


Dungeon Overview and Level Annotations

Branches:
Dungeon (12/15)            Temple (1/1) D:7            Lair (0/6) D:10
    Orc (0/2) D:9

Altars:
Ashenzari
Cheibriados
Dithmenos
Elyvilon
Fedhas
Gozag
Hepliaklqana
Kikubaaqudgha
Makhleb
Nemelex Xobeh
Okawaru
Qazlal
Ru
Sif Muna
Trog
Uskayaw
Vehumet
Wu Jian
Xom
Yredelemnul
Zin
The Shining One
Jiyva

Shops:
D:5 ?   D:6 [

Annotations:
D:8 3 runed translucent doors, Disco's ghost, novice DjWz
D:11 2 transporters, Larwick's ghost, journeyman DDEE
D:14 Nessos


Innate Abilities, Weirdness & Mutations

Your serpentine skin is tough. (AC +4)
You have supernaturally acute eyesight. (SInv)
Armour fits poorly on your strangely shaped body.
Your system is resistant to poisons. (rPois)
You cover ground very slowly.
You can spit poison.
You can use your snake-like lower body to constrict enemies.


Message History

You feel a surge of power!
Nessos is engulfed in freezing vapours.
Nessos shoots an arrow.
The arrow hits you! The arrow burns you.
Nessos is engulfed in freezing vapours.
Nessos casts a spell.
Nessos seems to speed up.
Nessos is engulfed in freezing vapours.
Nessos unwields a +3 longbow of flaming.
It stops flaming.
Nessos closely misses you. x2
Nessos is engulfed in freezing vapours.
Nessos closely misses you. Nessos kicks you.
Nessos is engulfed in freezing vapours.
Nessos hits you but does no damage. Nessos kicks you but does no damage.
There is an open door here.
Casting: Freezing Cloud (dangerous; 1% risk of failure)
Confirm with . or Enter, or press ? or * to list all spells.
Casting: Frozen Ramparts (safe; 1% risk of failure)
Press: ? - help, Dir - look around, f - activate An open door.
There is a cloud of freezing vapour here.
You feel a surge of power!
The walls around you are covered in ice.
Nessos is engulfed in freezing vapours.
The wall freezes Nessos.
Nessos blinks!
Nessos blinks!
Nessos wields a +3 longbow of flaming.
It bursts into flame!
Nessos shoots an arrow.
The arrow hits you!! The arrow burns you!
Casting: Frozen Ramparts (safe; 1% risk of failure)
Confirm with . or Enter, or press ? or * to list all spells.
Aiming: Freezing Cloud (dangerous; 1% risk of failure)
Press: ? - help, Dir - move target, f - Nessos
Aim: Nessos, wielding a +3 longbow of flaming, wearing a +2 barding and quivering arrows (heavily wounded, fast)
You feel a surge of power!
Nessos is engulfed in freezing vapours.
Nessos blinks!
Nessos shoots an arrow.
The arrow hits you! The arrow burns you.
Unknown command.
Your frozen ramparts will break if you move.
Continue?
The frozen ramparts melt away as you move.
Nessos shoots an arrow.
The arrow hits you!!
* * * LOW HITPOINT WARNING * * *
The arrow burns you.
* * * LOW HITPOINT WARNING * * *
Nessos shoots an arrow.
You block the arrow.
Nessos shoots an arrow.
The arrow hits you!!
You die...

...#...#.......#......#
...#...#..(....#......#
...#...#..>....#......#
...#...#.......#......#
...÷...#.......#......#
.÷.#...#.......###....#
...#...#.........#.§§§#
..##...##........#.§§.#
..#.....#.......@#.§§§#
..#.....#.......°§§§§.#
..#.....#........#§§..#
..#.....#........#§○...#
..#...§.#........#.c...#
..#.....#........+.......
..#....Y##########.......
#...... ....... #.......
.......


You could see Nessos (fast).

Vanquished Creatures
  Josephine (D:14)
  Harold (D:9)
  A hydra (D:11)
  A boulder beetle (D:11)
  A centaur warrior (D:14)
  A catoblepas (D:14)
  Erica (D:9)
  A tengu warrior (D:8)
  3 two-headed ogres
  Nergalle (D:10)
  Pikel (D:5)
  A wolf spider zombie (D:14)
  2 deep elf pyromancers
  7 ugly things (D:14)
  A cyclops (D:11)
  4 molten gargoyles (D:11)
  Maggie (D:7)
  2 komodo dragons (D:10)
  A tengu conjurer (D:8)
  A troll (D:11)
  A hornet (D:8)
  A meliai zombie (D:14)
  3 wyverns
  Sigmund (D:5)
  10 yaks
  8 wraiths
  2 basilisks
  2 steam dragons
  2 acid dragons
  2 water moccasins
  5 orc warriors
  2 black bears
  2 hornet zombies
  2 sky beasts (D:5)
  An ice beast (D:5)
  8 centaurs
  2 kobold brigands
  Blork the orc (D:4)
  2 wyvern zombies
  17 killer bees
  7 wights
  3 centaur zombies
  A bullfrog zombie (D:6)
  3 gnoll shamans
  7 orc priests
  2 hounds
  5 jellies
  2 centaur skeletons
  A bullfrog skeleton (D:7)
  2 iguanas
  Ijyb (D:4)
  8 orc wizards
  A hound zombie (D:5)
  21 gnolls
  6 adders
  A white imp (D:6)
  2 ufetubi
  4 worms
  3 dart slugs (D:3)
  37 orcs
  5 ball pythons
  15 endoplasms
  2 giant cockroaches (D:2)
  8 goblins
  5 hobgoblins
  27 kobolds
  3 quokkas
  4 bats
  3 frilled lizards
  3 rats
299 creatures vanquished.

Vanquished Creatures (others)
  A centaur skeleton (D:14)
  2 centaurs (D:14)
  A demonic plant (D:1)
  2 fungi (D:2)
  13 plants (D:9)
  7 toadstools (D:2)
26 creatures vanquished.

Grand Total: 325 creatures vanquished

Notes
Turn   | Place    | Note
-------+----------+-------------------------------------------
     0 | D:1      | MajorAdolf the Naga Wanderer began the quest for the Orb.
     0 | D:1      | MajorAdolf set off with the following items: a +2 hand axe,
                  | a potion of lignification, 11 poisoned darts, a +0 dagger,
                  | a +0 robe
     0 | D:1      | Reached XP level 1. HP: 19/19 MP: 3/3
   182 | D:1      | Reached XP level 2. HP: 7/26 MP: 5/5
   688 | D:1      | Found a faded altar of an unknown god.
   688 | D:1      | Noticed a ynoxinul
  1089 | D:2      | Reached XP level 3. HP: 32/32 MP: 6/6
  1180 | D:2      | Reached skill level 5 in Stealth
  1841 | D:2      | Reached XP level 4. HP: 41/42 MP: 7/7
  2021 | D:2      | Reached XP level 5. HP: 36/50 MP: 8/8
  2667 | D:3      | Found a burning altar of Makhleb.
  2803 | D:2      | Learned a level 5 spell: Freezing Cloud
  2969 | D:3      | Reached XP level 6. HP: 28/60 MP: 9/9
  3299 | D:3      | Reached skill level 1 in Conjurations
  3299 | D:3      | Reached skill level 1 in Ice Magic
  3734 | D:4      | Noticed Blork the orc
  3751 | D:4      | Killed Blork the orc
  3770 | D:4      | Noticed Ijyb
  3904 | D:4      | Killed Ijyb
  3968 | D:4      | Noticed a black bear
  3973 | D:4      | Killed a black bear
  3974 | D:4      | Reached skill level 4 in Air Magic
  3974 | D:4      | Reached XP level 7. HP: 60/66 MP: 10/10
  4017 | D:4      | Found a sacrificial altar of Ru.
  5152 | D:4      | Reached XP level 8. HP: 55/73 MP: 11/11
  5431 | D:4      | Reached skill level 5 in Air Magic
  5726 | D:5      | Entered Level 5 of the Dungeon
  5763 | D:5      | Found Kahianes's Magic Scroll Emporium.
  5766 | D:5      | Noticed Sigmund
  5778 | D:5      | Killed Sigmund
  6714 | D:5      | Noticed Pikel
  6746 | D:5      | Killed Pikel
  6747 | D:5      | Reached skill level 5 in Conjurations
  6747 | D:5      | Reached skill level 5 in Ice Magic
  6747 | D:5      | Reached skill level 6 in Air Magic
  6747 | D:5      | Reached XP level 9. HP: 21/80 MP: 12/12
  8501 | D:6      | Found Lutisch's Antique Armour Emporium.
  8510 | D:6      | Bought a heavily runed leather armour for 168 gold pieces
  8510 | D:6      | Identified the +0 leather armour "Qefrilyt" {rF+ Str+5
                  | Slay+2} (You bought it in a shop on level 6 of the Dungeon)
  8576 | D:5      | Bought a scroll of identify for 26 gold pieces
  8584 | D:5      | Bought a scroll of identify for 26 gold pieces
  8584 | D:5      | Bought a scroll of identify for 26 gold pieces
  8694 | D:6      | Noticed a deep elf pyromancer
  8697 | D:6      | Killed a deep elf pyromancer
  8698 | D:6      | Reached skill level 7 in Air Magic
  8769 | D:6      | Found a blossoming altar of Fedhas.
 10557 | D:7      | Noticed a +4 dagger
 10558 | D:7      | Noticed a +0 hand axe
 10562 | D:7      | Found a hide-covered altar of Uskayaw.
 10574 | D:7      | Reached XP level 10. HP: 76/87 MP: 3/13
 10711 | D:7      | Reached skill level 8 in Air Magic
 11276 | D:7      | Noticed Maggie
 11282 | D:7      | Killed Maggie
 11324 | D:7      | Found a staircase to the Ecumenical Temple.
 11372 | Temple   | Entered the Ecumenical Temple
 11447 | Temple   | Became a worshipper of Qazlal Stormbringer
 11804 | D:8      | Found a glowing golden altar of the Shining One.
 12447 | D:8      | Found a runed translucent gate.
 12447 | D:8      | Found a runed translucent gate.
 12447 | D:8      | Found a runed translucent gate.
 12452 | D:8      | Noticed Disco's ghost (novice DjWz)
 12454 | D:8      | Found a viscous altar of Jiyva.
 12471 | D:8      | Noticed a tengu warrior
 12476 | D:8      | Killed a tengu warrior
 12691 | D:8      | Reached skill level 9 in Air Magic
 13272 | D:9      | Noticed Harold
 13301 | D:9      | Noticed Erica
 13306 | D:9      | Killed Erica
 13439 | D:9      | Reached XP level 11. HP: 53/93 MP: 0/14
 14814 | D:9      | Reached * piety under Qazlal
 14970 | D:9      | Found a staircase to the Orcish Mines.
 15653 | D:9      | Killed Harold
 15654 | D:9      | Reached skill level 10 in Air Magic
 15923 | D:9      | Found a hazy altar of Hepliaklqana.
 16380 | D:10     | Entered Level 10 of the Dungeon
 16586 | D:10     | Noticed Nergalle
 16596 | D:10     | Killed Nergalle
 16596 | D:10     | Reached ** piety under Qazlal
 17105 | D:10     | Found a basalt altar of Yredelemnul.
 17240 | D:10     | Found a snail-covered altar of Cheibriados.
 17260 | D:10     | Reached skill level 10 in Conjurations
 17260 | D:10     | Reached skill level 10 in Ice Magic
 17260 | D:10     | Reached skill level 1 in Invocations
 17843 | D:10     | Found a staircase to the Lair.
 18221 | D:11     | Noticed a two-headed ogre
 18227 | D:11     | Killed a two-headed ogre
 18228 | D:11     | Reached XP level 12. HP: 102/102 MP: 4/15
 18349 | D:11     | Found a transporter.
 18354 | D:11     | Noticed Larwick's ghost (journeyman DDEE)
 18399 | D:11     | Noticed a seven-headed hydra
 18407 | D:11     | Killed a seven-headed hydra
 18689 | D:11     | Noticed a boulder beetle
 18942 | D:11     | Killed a boulder beetle
 19175 | D:11     | Noticed a two-headed ogre
 19181 | D:11     | Killed a two-headed ogre
 19182 | D:11     | Reached skill level 11 in Air Magic
 19420 | D:11     | Got Ilith's Catalogue of Earthen Moulding
 19550 | D:11     | Learned a level 3 spell: Frozen Ramparts
 19552 | D:11     | Found a transporter.
 19564 | D:11     | Identified the +3 quarterstaff "Nuhacsegho" {elec, rF+
                  | Will+}
 20598 | D:12     | Noticed a two-headed ogre
 20604 | D:12     | Killed a two-headed ogre
 20605 | D:12     | Reached skill level 5 in Invocations
 20795 | D:12     | You fall into a shaft and drop 2 floors!
 20841 | D:14     | Noticed a catoblepas
 20863 | D:14     | Killed a catoblepas
 21130 | D:14     | Found a radiant altar of Vehumet.
 21191 | D:14     | Noticed Josephine
 21200 | D:14     | Reached *** piety under Qazlal
 21202 | D:14     | Killed Josephine
 21648 | D:14     | Gained mutation: You can use your snake-like lower body to
                  | constrict enemies. [Naga growth]
 21648 | D:14     | Reached XP level 13. HP: 96/108 MP: 8/17
 22115 | D:14     | Reached skill level 12 in Air Magic
 22602 | D:14     | Noticed Nessos
 22612 | D:14     | HP: 4/108 [Nessos/arrow (5)]
 22612 | D:14     | Shot with an arrow by Nessos

Illustrated notes

Levels and vault maps discovered:
D:1:      dpeg_arrival_simpleton_a, layout_rooms,
          dreamdust_ecumenical_altar_sealed_demon, roderic_roman_lattice
D:2:      cheibrodos_fertilizer, layout_rooms
D:3:      layout_basic, mainiacjoe_overflow_tiny_flanked,
          chequers_decorated_corner, nrook_loot_triangle
D:4:      layout_loops_ring, nicolae_ru_great_annihilating_truth,
          minmay_surrounded, uniq_blork_the_orc, uniq_ijyb
D:5:      layout_loops_ring, serial_shops, kennysheep_little_box, uniq_sigmund,
          uniq_pikel
D:6:      layout_loops_ring, kennysheep_mini, serial_shops, shop,
          guppyfry_early_elven_hall
D:7:      layout_basic, dancing_weapons_uskayaw, minmay_temple_entry_grid,
          grunt_decor_resistance, uniq_maggie
D:8:      layout_basic, amcnicky_altar_gilded, gammafunk_ghost_ooze
D:9:      layout_stronghold, nicolae_hepliaklqana_hazy_memory,
          hiddenorc1_lemuel, kennysheep_generic_room_4, uniq_erica, uniq_harold
D:10:     layout_cave_pools, cheibriados_altar_1,
          lemuel_zombie_altar_yredelemnul, erik_lair_dragon, uniq_nergalle
D:11:     layout_basic, gammafunk_ghost_stat_death, minivault_8
D:12:     layout_roguey
D:14:     hangedman_screamer, layout_irregular_city, fiery_altar_vehumet,
          serial_shops, nicolae_shop_statue_plus, uniq_josephine, uniq_nessos,
          uniq_rupert
Temple:   zaba_magenta_temple

Skill      XL: |  1  2  3  4  5  6  7  8  9 10 11 12 13 |
---------------+----------------------------------------+-----
Stealth        | 3 4 5 |  5.0
Fighting       | 3 4 |  4.8
Conjurations   | 2 3 5 7 8 10 11 | 11.6
Ice Magic      | 2 3 5 7 8 10 11 | 11.6
Air Magic      | 4 6 7 9 10 11 12 | 12.0
Invocations    | 3 6 7 |  7.0
Axes           | |  1.0
Throwing       | |  1.0
Spellcasting   | |  2.0

Action                   |  1- 3 |  4- 6 |  7- 9 | 10-12 | 13-15 || total
-------------------------+-------+-------+-------+-------+-------++-------
Melee: Short sword       |    60 |   107 |    48 |       |       ||   215
       Hand axe          |     2 |       |       |       |       ||     2
       Spear             |       |       |   203 |       |       ||   203
       Staff             |       |       |    56 |   296 |    32 ||   384
       Constrict         |       |       |       |       |     5 ||     5
Throw: Dart              |     1 |       |       |       |       ||     1
 Cast: Freezing Cloud    |       |       |    31 |   105 |     6 ||   142
       Frozen Ramparts   |       |       |       |     2 |     3 ||     5
 Abil: Spit Poison       |    30 |    30 |    20 |     4 |       ||    84
Evoke: Wand              |       |       |     2 |       |     5 ||     7
  Use: Potion            |       |     1 |     1 |     1 |     1 ||     4
       Scroll            |       |       |     9 |     1 |     3 ||    13
 Stab: Sleeping          |       |     2 |     4 |       |       ||     6
       Paralysed         |       |       |     3 |       |    11 ||    14
       Distracted        |       |       |       |     1 |       ||     1
Armor: Robe              |    19 |    17 |    91 |   248 |    64 ||   439
       Skin              |       |     7 |    42 |       |       ||    49
Dodge: Dodged            |    27 |    48 |   186 |   226 |    35 ||   522
Block: Other             |       |       |       |    30 |     7 ||    37
